 Dungeon Crawl Stone Soup version 0.31-a0-1227-g0136665373 (webtiles) character file.

Game seed: 14439711371224200825

182 avis the Trooper (level 5, -1/48 HPs)
             Began as a Hill Orc Monk on Dec 14, 2023.
             Slain by a goblin
             ... wielding a +0 club
             ... led by Robin
              (3 damage)
             ... on level 4 of the Dungeon.
             The game lasted 00:15:52 (3277 turns).

avis the Trooper (Hill Orc Monk)                    Turns: 3277, Time: 00:15:52

Health: -1/48      AC: 11    Str: 16    XL:     5   Next: 61%
Magic:  5/5        EV:  5    Int: 10    God:
Gold:   167        SH:  0    Dex: 13    Spells: 4/4 levels left

rFire   + + .        b - +7 hand cannon "Mule" {flame, backblast, rF+}
rCold   + . .        d - orb {light}
rNeg    . . .        r - +0 plate armour
rPois   .            k - +0 helmet
rElec   .            q - scarf {rC+ rF+}
rCorr   .            (no gloves)
SInv    .            (no boots)
Will    .....        (no amulet) Stlth
                     (no ring)
HPRegen 0.28/turn    (no ring)
MPRegen 0.09/turn

%: no passive effects
@: glowing, studying Armour
A: no striking features
a: no special abilities


You were on level 4 of the Dungeon.
You visited 1 branch of the dungeon, and saw 4 of its levels.

You collected 167 gold pieces.

Inventory:

Hand Weapons
 a - a +2 whip of electrocution
 b - the +7 hand cannon "Mule" (weapon) {flame, backblast, rF+}
   (You found it on level 3 of the Dungeon)

   rF+:       It protects you from fire.
 m - a +0 spear
 v - a +0 hand axe
 y - a +0 spear
 A - a +2 vampiric spear
 B - a +1 flail of protection
 F - a +0 sling
Armour
 d - an orb of light (worn)
 h - a +0 chain mail
 k - a +0 helmet (worn)
 o - a +0 plate armour
 q - a scarf of resistance (worn)
 r - a +0 plate armour (worn)
 u - a +0 robe
 C - a +0 ring mail
Jewellery
 z - a +6 ring of intelligence
Talismans
 g - a flux talisman
 j - a blade talisman
 l - a blade talisman
Wands
 n - a wand of light (4)
Scrolls
 f - a scroll of silence {unknown}
 i - 3 scrolls of identify {unknown}
 p - a scroll of acquirement {unknown}
 w - a scroll of immolation {unknown}
Potions
 e - a potion of enlightenment {unknown}
 s - a potion of degeneration {unknown}
 t - a potion of resistance {unknown}
 x - a potion of mutation {unknown}
 D - a potion of magic {unknown}
 E - a potion of heal wounds {unknown}


   Skills:
 - Level 5.0 Fighting
 - Level 4.0 Axes
 - Level 2.4 Dodging
 + Level 2.0 Unarmed Combat
 * Level 3.0 Shapeshifting


You had 4 spell levels left.
You didn't know any spells.
Your spell library contained the following spells:

 Spells                   Type           Power      Damage    Failure   Level
 Foxfire                  Conj/Fire      0%         2x1d4     100%        1
 Lesser Beckoning         Tloc           0%         N/A       100%        2
 Gell's Gravitas          Tloc           0%         N/A       100%        3
 Teleport Other           Tloc           0%         N/A       100%        3
 Plasma Beam              Fire/Air       0%         2x1d10    100%        6
 Starburst                Conj/Fire      0%         6d3       100%        6


Dungeon Overview and Level Annotations

Branches:
Dungeon (4/15)
 Temple: D:4-7

Altars:
Fedhas

Annotations:
D:2 Can't reach some places.
D:4 Robin


Message History

You hit the ice beast.
The ice beast is lightly wounded.
The goblin hits you but does no damage. The goblin hits you with a +0 club.
* * * LOW HITPOINT WARNING * * *
The goblin hits you but does no damage.
Robin says, "Bow before me, strongest of all the hobgoblins!"
Your +2 whip of electrocution stops crackling.
The +7 hand cannon "Mule" {flame, backblast, rF+} bursts into flame!
b - the +7 hand cannon "Mule" (weapon)
{flame, backblast, rF+} Fire: b) +7 hand cannon "Mule" {flame, backblast, rF+}
Press: ? - help, Q - select action, (/) - cycle Shift-Dir - straight line, f - ice beast, p - Robin
Aim: an ice beast (lightly wounded, haloed, 83% to hit)
You shoot a bolt. The bolt hits the ice beast!
The bolt melts the ice beast.
The ice beast is moderately wounded.
The goblin no longer looks unusually strong.
The goblin hits you but does no damage.
Robin roars a battlecry!
The goblins go into a battle-frenzy!
The goblin hits you with a +0 club.
* * * LOW HITPOINT WARNING * * *
The goblin hits you but does no damage. The ice beast barely misses you.
The ice beast hits you but does no damage.
The goblin hits you but does no damage. x3; The goblin completely misses you.
The ice beast hits you but does no damage.
The goblin hits you but does no damage. The goblin closely misses you.
Fire: b) +7 hand cannon "Mule" {flame, backblast, rF+}
Press: ? - help, Q - select action, (/) - cycle Shift-Dir - straight line, f/p - ice beast
Aim: an ice beast (moderately wounded, haloed, 83% to hit)
You shoot a bolt. The bolt hits the ice beast!!
The bolt melts the ice beast.
You kill the ice beast!
The goblin barely misses you. The adder bites you but does no damage.
The goblin hits you with a +0 club.
* * * LOW HITPOINT WARNING * * *
Robin says, "Kneel, worm!"
Robin hits you but does no damage. The goblin hits you but does no damage.
The goblin hits you with a +0 dagger.
* * * LOW HITPOINT WARNING * * *
The goblin hits you but does no damage. The adder bites you but does no damage.
The goblin hits you with a +0 club.
You die...

##### # .
#g@g#.#....
#ggS....#
#(.....(...
#....)..###
####
#.......#
....
........#
....
#.......##
....
.........
....
..........#


You could see Robin, an adder and 3 goblins.

Vanquished Creatures
  An ice beast (D:4)
  A hound (D:3)
  4 gnolls (D:3)
  5 adders
  4 dart slugs
  5 bats
  5 endoplasms
  2 giant cockroaches (D:1)
  11 goblins
  5 hobgoblins
  2 jackals (D:3)
  3 kobolds
  2 quokkas
  3 ball pythons
  4 frilled lizards
  8 rats
65 creatures vanquished.

Notes
Turn   | Place    | Note
-------+----------+-------------------------------------------
     0 | D:1      | avis the Hill Orc Monk began the quest for the Orb.
     0 | D:1      | Reached XP level 1. HP: 19/19 MP: 1/1
   104 | D:1      | Reached skill level 4 in Fighting
   192 | D:1      | Reached XP level 2. HP: 23/27 MP: 2/2
   859 | D:1      | Reached XP level 3. HP: 34/34 MP: 3/3
  1116 | D:1      | Reached skill level 1 in Shapeshifting
  1514 | D:2      | Found a blossoming altar of Fedhas.
  1970 | D:2      | Reached skill level 5 in Fighting
  2088 | D:2      | Reached XP level 4. HP: 42/42 MP: 4/4
  2654 | D:3      | Reached skill level 1 in Unarmed Combat
  2831 | D:3      | Found the +7 hand cannon "Mule" {flame, backblast, rF+}
  2876 | D:3      | Reached XP level 5. HP: 37/48 MP: 5/5
  3255 | D:4      | Noticed Robin
  3258 | D:4      | Noticed an ice beast
  3277 | D:4      | Killed an ice beast
  3277 | D:4      | HP: 2/48 [goblin/+0 dagger[Robin] (4)]
  3277 | D:4      | Slain by a goblin

Illustrated notes

Levels and vault maps discovered:
D:1:      dpeg_arrival_radiant, layout_loops_corners, serial_rivers,
          chequers_serial_rivers_small_a, chequers_serial_rivers_large_b,
          chequers_serial_rivers_micro_d, chequers_serial_rivers_room_b,
          minmay_hexomino_u4
D:2:      layout_basic, basic_altar, corexii_shack,
          chequers_serial_rivers_small_3, amcnicky_mini_rare_corridor_liquid
D:3:      layout_loops_ring
D:4:      layout_basic, uniq_robin, uniq_natasha, uniq_grinder

Skill      XL: |  1  2  3  4  5 |
---------------+----------------+-----
Fighting       | 4 5 |  5.0
Shapeshifting  | 1 2 3 |  3.0
Unarmed Combat | 1 2 |  2.0
Axes           | |  4.0
Dodging        | |  2.4

Action                     |  1- 3 |  4- 6 || total
---------------------------+-------+-------++-------
  Melee: Hand axe          |    99 |       ||    99
         Whip              |       |    43 ||    43
   Fire: Sling             |     1 |    29 ||    30
         Hand cannon       |       |     8 ||     8
    Use: Potion            |       |     1 ||     1
 Armour: Robe              |     9 |       ||     9
         Chain mail        |    20 |       ||    20
         Plate armour      |    37 |   156 ||   193
  Dodge: Dodged            |    27 |    36 ||    63

Table legend: (Time is in decaauts)
 A = Elapsed time spent in this place.
 B = Non-inter-level travel time spent in this place.
 C = Inter-level travel time spent in this place.
 D = Time resting spent in this place.
 E = Time spent auto-exploring this place.
 F = Levels seen in this place.
 G = Mean time per level.
                   A        B        C        D        E       F      G
               +--------+--------+--------+--------+--------+-----+--------+
         Total |   3352 |   2944 |    408 |    209 |   2043 |   4 |  838.0 |
       Dungeon |   3352 |   2944 |    408 |    209 |   2043 |   4 |  838.0 |
               +--------+--------+--------+--------+--------+-----+--------+

Top non-repeatable levels by time:
     D:1: 1417 daAuts
     D:2: 1135 daAuts
     D:3: 766 daAuts
     D:4: 34 daAuts
